 Dungeon Crawl Stone Soup version 0.31-a0-995-g04711c9635 (webtiles) character file.

Game seed: 7038718161209867147

(classic levelgen) 186 Amnesiac the Magician (level 5, -9/35 HPs)
             Began as a Djinni Ice Elementalist on Nov 7, 2023.
             Mangled by Duvessa
             ... wielding a +0 rapier
              (18 damage)
             ... on level 4 of the Dungeon.
             The game lasted 00:05:01 (880 turns).

Amnesiac the Magician (Djinni Ice Elementalist)      Turns: 880, Time: 00:05:02

Health: -9/35      AC:  2    Str:  7    XL:     5   Next: 98%
Gold:   86         EV: 12    Int: 18    God:
                   SH:  0    Dex: 14

rFire   + + .        (no weapon)
rCold   x . .        (no shield)
rNeg    . . .        a - +0 robe
rPois   ∞            (no helmet)
rElec   .            (no cloak)
rCorr   .            (no gloves)
SInv    .            (boots unavailable)
Will    .....        (no amulet)
Stlth   ++           (no ring)
HPRegen 0.25/turn    (no ring)
MPRegen 0.00/turn

%: infuse magic (-10 HP)
@: flying, very slightly contaminated
A: sickness immunity, fire resistance 2, cold vulnerability 1, float, innate
caster, HP casting, extra vitality 1
a: no special abilities


You were on level 4 of the Dungeon.
You visited 1 branch of the dungeon, and saw 4 of its levels.

You collected 86 gold pieces.

Inventory:

Hand Weapons
 g - a +2 dagger of speed
Armour
 a - a +0 robe (worn)
Scrolls
 b - a scroll of vulnerability {!r, unknown}
 e - a scroll of amnesia {!r, unknown}
 f - a scroll of fog {!r, unknown}
Potions
 c - a potion of lignification {!q, unknown}
 d - a potion of heal wounds {!q, unknown}


   Skills:
 - Level 2.1 Dodging
 - Level 1.5 Stealth
 + Level 5.2 Spellcasting
 + Level 5.2 Conjurations
 + Level 5.2 Hexes
   Level 0.0 Charms
 + Level 5.2 Summonings
 + Level 5.2 Necromancy
 + Level 5.2 Translocations
 + Level 5.2 Transmutations
 + Level 5.2 Fire Magic
 + Level 5.2 Ice Magic
 + Level 5.2 Air Magic
 + Level 5.2 Earth Magic
 + Level 5.2 Poison Magic


You knew the following spells:

 Your Spells              Type           Power      Damage    Failure   Level
a - Freeze                Ice            92%        1d9       1%          1
b - Frozen Ramparts       Ice            46%        1d7       4%          3
c - Summon Ice Beast      Ice/Summ       23%        N/A       14%         4
d - Foxfire               Conj/Fire      92%        2x1d8     1%          1
e - Searing Ray           Conj           46%        2d6       2%          2
z - Ozocubu's Armour      Ice            23%        N/A       4%          3
Your spell library was empty.

Dungeon Overview and Level Annotations

Branches:
Dungeon (4/15)
 Temple: D:4-7

Altars:
Makhleb
The Shining One

Annotations:
D:4 Duvessa


Innate Abilities, Weirdness & Mutations

You are immune to sickness and miasma.
You are immune to poison.
Your flesh is very heat resistant. (rF++)
You are vulnerable to cold. (rC-)
You float through the air rather than walking.
You learn spells naturally, not from books.
Your magical power is your life essence.
You have superior vitality. (+4 MHP)


Message History

There's something in the way.
Okay, then.
What are your orders? t - Shout!
Orders for allies: a - Attack new target. p - Attack previous target. r - Retreat! s - Stop attacking. g - Guard the area. f - Follow me.
Anything else - Cancel.
Gang up on whom?
Press: ? - help, Dir - move target, f/p - Duvessa
Aim: Duvessa, wielding a +0 rapier, wearing a +0 leather armour and carrying a wand of flame (berserk, fire blocked by a translucent rock wall) There's something in the way.
Okay, then.
You swap places.
The endoplasm jiggles.
Casting: Summon Ice Beast (quite dangerous; 14% risk of failure)
Confirm with . or Enter, or press ? or * to list all spells.
Okay, then.
Duvessa rages.
Casting: Summon Ice Beast (quite dangerous; 14% risk of failure)
Confirm with . or Enter, or press ? or * to list all spells.
Okay, then.
Duvessa rages.
Casting: Summon Ice Beast (quite dangerous; 14% risk of failure)
Confirm with . or Enter, or press ? or * to list all spells.
Casting: Frozen Ramparts (dangerous; 4% risk of failure)
Press: ? - help, Dir - look around, f - activate You miscast Frozen Ramparts.
You are very lightly contaminated with residual magic.
Nothing appears to happen.
Duvessa hits your ice beast with a +0 rapier! x2
Casting: Frozen Ramparts (dangerous; 4% risk of failure)
Confirm with . or Enter, or press ? or * to list all spells.
Casting: Frozen Ramparts (dangerous; 4% risk of failure)
Press: ? - help, Dir - look around, f - activate The walls around you are covered in ice.
The wall freezes Duvessa but does no damage.
Duvessa hits your ice beast with a +0 rapier!
Your ice beast dies!
Your ice beast disappears in a puff of smoke!
Casting: Frozen Ramparts (dangerous; 4% risk of failure)
Confirm with . or Enter, or press ? or * to list all spells.
Okay, then.
Unknown command.
Press: ? - help, v - describe, . - travel
Here: Duvessa, wielding a +0 rapier, wearing a +0 leather armour and carrying a wand of flame (purple smoke, berserk)
The floor.
Unknown command.
Casting: Frozen Ramparts (dangerous; 4% risk of failure)
Confirm with . or Enter, or press ? or * to list all spells.
A chill wind blows around you.
The wall freezes Duvessa.
Duvessa rages.
The wall freezes Duvessa.
Duvessa hits you with a +0 rapier!
* * * LOW HITPOINT WARNING * * *
Okay, then.
Okay, then.
Casting: Summon Ice Beast (quite dangerous; 14% risk of failure)
Confirm with . or Enter, or press ? or * to list all spells.
Okay, then.
Unknown command.
The frozen ramparts melt away as you move.
Duvessa hits you with a +0 rapier!!
Ouch! That really hurt!
You die...

#.#.... # .#.#...
.###. ###.#.#.[.
......####.. #.#..
.......[<#.# #.#..
..####..†#.###.#.#
##.....##.#Y##$.##
####...##.#@#.....
..#.......e§...# .
#...#..#######.# #
#...##.#.J...#.# #
#...##.#$$..$#.# #
#.#.##.#.$_..'[.. #
###.#.##.#$....#.###
#
##...#....#.....#.#
#
#..####...#######.#


You could see Duvessa (berserk, ally target), an endoplasm and a friendly ice
beast (summoned).

Vanquished Creatures
  A scorpion (D:4)
  Dowan (D:4)
  Terence (D:2)
  An orc wizard (D:4)
  An adder (D:2)
  2 worms
  2 orcs (D:4)
  2 endoplasms
  2 hobgoblins
  A quokka (D:2)
  3 ball pythons
  A goblin (D:1)
  A kobold (D:2)
19 creatures vanquished.

Notes
Turn   | Place    | Note
-------+----------+-------------------------------------------
     0 | D:1      | Amnesiac the Djinni Ice Elementalist began the quest for
                  | the Orb.
     0 | D:1      | Amnesiac set off with the following spells memorised:
                  | Freeze, Frozen Ramparts, Ozocubu's Armour, Summon Ice
                  | Beast.
     0 | D:1      | Reached XP level 1. HP: 15/15 MP: 0/0
   112 | D:2      | Reached XP level 2. HP: 10/21 MP: 0/0
   167 | D:2      | Noticed Terence
   175 | D:2      | Killed Terence
   176 | D:2      | Reached XP level 3. HP: 10/25 MP: 0/0
   176 | D:2      | Learned a level 1 spell: Foxfire
   352 | D:3      | Found a glowing golden altar of the Shining One.
   366 | D:4      | Identified the of Jozoli
   366 | D:4      | Identified the of Myt Max
   366 | D:4      | Identified the of Ebbojosu
   366 | D:4      | Identified a manual of Armour
   392 | D:4      | Reached XP level 4. HP: 23/31 MP: 0/0
   425 | D:4      | Found a burning altar of Makhleb.
   428 | D:4      | Noticed a scorpion
   433 | D:4      | Killed a scorpion
   434 | D:4      | Reached skill level 5 in Spellcasting
   434 | D:4      | Reached skill level 5 in Conjurations
   434 | D:4      | Reached skill level 5 in Hexes
   434 | D:4      | Reached skill level 5 in Summonings
   434 | D:4      | Reached skill level 5 in Necromancy
   434 | D:4      | Reached skill level 5 in Translocations
   434 | D:4      | Reached skill level 5 in Transmutations
   434 | D:4      | Reached skill level 5 in Fire Magic
   434 | D:4      | Reached skill level 5 in Ice Magic
   434 | D:4      | Reached skill level 5 in Air Magic
   434 | D:4      | Reached skill level 5 in Earth Magic
   434 | D:4      | Reached skill level 5 in Poison Magic
   434 | D:4      | Reached XP level 5. HP: 18/35 MP: 0/0
   434 | D:4      | Learned a level 2 spell: Searing Ray
   508 | D:4      | Noticed Dowan
   509 | D:4      | Noticed Duvessa
   747 | D:4      | Killed Dowan
   880 | D:4      | Mangled by Duvessa

Illustrated notes

Levels and vault maps discovered:
D:1:      psy_arrival_statuary, layout_rooms, serial_shops,
          nicolae_shop_advertising_works [nicolae_subvault_shop_adworks],
          chequers_serial_rivers_micro_e, minmay_pentomino_p4
D:2:      layout_basic, uniq_sigmund, uniq_robin, uniq_terence
D:3:      layout_loops_corners, lemuel_crystal_altar,
          worldfamousw_hep_ancestral_shrine, nicolae_ru_the_path_less_chosen,
          mainiacjoe_overflow_tiny_flanked
D:4:      layout_rooms, amcnicky_altar_gilded, nicolae_sif_muna_little_library,
          nicolae_overflow_crystal_walls, minmay_manual_mullet, uniq_duvessa,
          uniq_ijyb

Skill      XL: |  1  2  3  4 |
---------------+-------------+-----
Spellcasting   | 4 5 |  5.2
Conjurations   | 4 5 |  5.2
Hexes          | 4 5 |  5.2
Summonings     | 4 5 |  5.2
Necromancy     | 4 5 |  5.2
Translocations | 4 5 |  5.2
Transmutations | 4 5 |  5.2
Fire Magic     | 4 5 |  5.2
Ice Magic      | 4 5 |  5.2
Air Magic      | 4 5 |  5.2
Earth Magic    | 4 5 |  5.2
Poison Magic   | 4 5 |  5.2
Dodging        | |  2.1
Stealth        | |  1.5

Action                     |  1- 3 |  4- 6 || total
---------------------------+-------+-------++-------
  Melee: Unarmed           |       |     2 ||     2
   Cast: Freeze            |    25 |    10 ||    35
         Frozen Ramparts   |     1 |     4 ||     5
         Summon Ice Beast  |       |     3 ||     3
 Armour: Robe              |     6 |    13 ||    19
  Dodge: Dodged            |     7 |    11 ||    18

Table legend: (Time is in decaauts)
 A = Elapsed time spent in this place.
 B = Non-inter-level travel time spent in this place.
 C = Inter-level travel time spent in this place.
 D = Time resting spent in this place.
 E = Time spent auto-exploring this place.
 F = Levels seen in this place.
 G = Mean time per level.
                   A        B        C        D        E       F      G
               +--------+--------+--------+--------+--------+-----+--------+
         Total |    882 |    882 |      0 |    360 |    164 |   4 |  220.5 |
       Dungeon |    882 |    882 |      0 |    360 |    164 |   4 |  220.5 |
               +--------+--------+--------+--------+--------+-----+--------+

Top non-repeatable levels by time:
     D:4: 304 daAuts
     D:3: 253 daAuts
     D:2: 245 daAuts
     D:1: 79 daAuts
